[ AOE2 MATCH · #478152528 ]
UnrankedBerbers vs Teutons
[ REPLAY ANALYSIS · EXTRACTED FROM THE RECORDED GAME ]
Feudal
10:32
Castle
14:48
Imperial
28:09
| APM avg | 57.1 |
| APM peak | 126 |
| eAPM avg | 31.5 |
| Villagers / military | 216 / 334 |
Focus
⚔️ 44.3% · 🌾 55.7%
Camel Archer ×130 · Knight ×74 · Camel Scout ×58 · Scout Cavalry ×57 · Trade Cart ×12 · Trebuchet (Packed) ×10
Feudal
10:40
Castle
14:35
Imperial
27:06
| APM avg | 33.3 |
| APM peak | 80 |
| eAPM avg | 19.2 |
| Villagers / military | 136 / 274 |
Focus
⚔️ 46.8% · 🌾 53.2%
Knight ×220 · Spearman ×50 · Monk ×4
Feudal
11:25
Castle
21:49
Imperial
30:36
| APM avg | 32.3 |
| APM peak | 75 |
| eAPM avg | 18.3 |
| Villagers / military | 146 / 76 |
Focus
⚔️ 35.7% · 🌾 64.3%
Spearman ×47 · Genoese Crossbowman ×17 · Bombard Cannon ×12 · Trade Cart ×6
Feudal
9:00
Castle
22:27
Imperial
32:18
| APM avg | 52.7 |
| APM peak | 109 |
| eAPM avg | 20.6 |
| Villagers / military | 116 / 190 |
Focus
⚔️ 30.1% · 🌾 69.9%
Archer ×135 · Militia ×44 · Trebuchet (Packed) ×6 · Battering Ram ×3 · Monk ×1 · Mangonel ×1
Feudal
9:19
Castle
20:50
Imperial
28:50
| APM avg | 35.3 |
| APM peak | 91 |
| eAPM avg | 21.9 |
| Villagers / military | 154 / 88 |
Focus
⚔️ 25.1% · 🌾 74.9%
Skirmisher ×39 · Fire Lancer ×29 · War Wagon ×8 · Trebuchet (Packed) ×8 · Bombard Cannon ×3 · Spearman ×1
Feudal
9:49
Castle
29:21
Imperial
41:39
| APM avg | 65.8 |
| APM peak | 122 |
| eAPM avg | 34.3 |
| Villagers / military | 223 / 173 |
Focus
⚔️ 29.6% · 🌾 70.4%
Skirmisher ×62 · Genitour ×39 · Archer ×22 · Scout Cavalry ×17 · Scorpion ×11 · Battering Ram ×7
Match map
Initial resources + every placement click. Lines = walls · curves = elevation contours. ◆ gold · ⬟ stone · ● berries · ✦ relic · ◌ wall gap
Your base· ✓ Closed at 14:48 · 0t walls · 2 gate(s)
Drachken's base· ✓ Closed at 14:35 · 0t walls · 2 gate(s)
YuF's base· ✓ Closed at 21:49 · 1t walls · 2 gate(s)
Phoenix Oath's base· ✓ Closed at 22:27 · 0t walls · 2 gate(s)
Fu Hua's base· ✓ Closed at 20:50 · 10t walls · 3 gate(s)
Abnerck's base· ✓ Closed at 29:21 · 6t walls · 4 gate(s)
Smoothed initial terrain · ◌ = detected wall gap · hover for details
Inputs per minute
— Insomniac987 - - Drachken
Build order — Insomniac987
First 150 of 791 actions detected
| 0:00 | Create | Villager (Male) |
| 0:01 | Create | Villager (Male) |
| 0:02 | Build | House |
| 0:03 | Build | House |
| 0:11 | Create | Villager (Male) |
| 0:12 | Create | Villager (Male) |
| 1:32 | Create | Villager (Male) |
| 1:50 | Create | Villager (Male) |
| 2:04 | Build | Lumber Camp |
| 2:06 | Create | Villager (Male) |
| 2:14 | Create | Villager (Male) |
| 2:58 | Create | Villager (Male) |
| 3:40 | Create | Villager (Male) |
| 3:40 | Create | Villager (Male) |
| 3:57 | Build | House |
| 4:18 | Build | Mill |
| 4:27 | Create | Villager (Male) |
| 4:31 | Build | House |
| 4:47 | Create | Villager (Male) |
| 4:50 | Create | Villager (Male) |
| 5:32 | Create | Villager (Male) |
| 5:53 | Create | Villager (Male) |
| 5:55 | Build | Farm |
| 6:09 | Build | Farm |
| 6:20 | Build | Farm |
| 6:27 | Create | Villager (Male) |
| 6:45 | Build | Farm |
| 6:47 | Create | Villager (Male) |
| 7:09 | Build | Farm |
| 7:10 | Create | Villager (Male) |
| 7:17 | Create | Villager (Male) |
| 7:50 | Build | Mining Camp |
| 8:22 | Research | Feudal Age |
| 8:22 | Research | Feudal Age |
| 9:03 | Build | House |
| 9:40 | Create | Villager (Male) |
| 10:32 | Age | Feudal Age |
| 10:36 | Build | Blacksmith |
| 10:44 | Build | Market |
| 10:48 | Create | Villager (Male) |
| 11:06 | Create | Villager (Male) |
| 12:08 | Research | Castle Age |
| 12:08 | Research | Castle Age |
| 12:09 | Research | Castle Age |
| 12:16 | Build | Barracks |
| 12:53 | Research | Double-Bit Axe |
| 12:54 | Research | Double-Bit Axe |
| 13:03 | Research | Horse Collar |
| 13:07 | Create | Villager (Male) |
| 13:19 | Build | House |
| 14:48 | Age | Castle Age |
| 14:50 | Build | Town Center |
| 14:51 | Create | Villager (Male) |
| 14:57 | Build | Town Center |
| 15:02 | Build | Farm |
| 15:06 | Create | Villager (Male) |
| 15:09 | Research | Bow Saw |
| 15:25 | Build | Farm |
| 15:30 | Build | House |
| 15:35 | Create | Villager (Male) |
| 15:49 | Build | Farm |
| 15:58 | Build | Farm |
| 16:11 | Create | Villager (Male) |
| 16:16 | Create | Villager (Male) |
| 16:23 | Research | Loom |
| 16:26 | Create | Villager (Male) |
| 16:28 | Build | Farm |
| 16:31 | Build | Farm |
| 16:34 | Build | Farm |
| 16:36 | Create | Villager (Male) |
| 16:44 | Create | Villager (Male) |
| 16:48 | Build | Farm |
| 16:53 | Build | House |
| 16:58 | Create | Villager (Male) |
| 16:59 | Create | Villager (Male) |
| 17:06 | Create | Villager (Male) |
| 17:07 | Create | Spearman |
| 17:16 | Create | Villager (Male) |
| 17:20 | Build | Farm |
| 17:22 | Build | Farm |
| 17:27 | Create | Villager (Male) |
| 17:32 | Build | Farm |
| 17:34 | Build | Farm |
| 17:35 | Create | Villager (Male) |
| 17:44 | Build | House |
| 17:50 | Create | Villager (Male) |
| 17:57 | Create | Villager (Male) |
| 18:01 | Build | Farm |
| 18:02 | Build | Farm |
| 18:12 | Create | Spearman |
| 18:14 | Create | Villager (Male) |
| 18:17 | Build | Farm |
| 18:24 | Create | Villager (Male) |
| 18:27 | Build | Farm |
| 18:37 | Create | Villager (Male) |
| 18:40 | Build | Farm |
| 18:51 | Build | Farm |
| 18:53 | Create | Villager (Male) |
| 18:57 | Build | Farm |
| 18:59 | Create | Villager (Male) |
| 19:00 | Create | Villager (Male) |
| 19:06 | Create | Villager (Male) |
| 19:17 | Build | Lumber Camp |
| 19:18 | Create | Villager (Male) |
| 19:30 | Create | Villager (Male) |
| 19:33 | Build | Farm |
| 19:34 | Create | Villager (Male) |
| 19:39 | Create | Villager (Male) |
| 19:42 | Build | House |
| 19:42 | Build | House |
| 19:50 | Build | Mining Camp |
| 19:59 | Create | Villager (Male) |
| 20:03 | Build | Monastery |
| 20:05 | Create | Villager (Male) |
| 20:11 | Build | House |
| 20:15 | Build | House |
| 20:16 | Create | Villager (Male) |
| 20:21 | Build | Farm |
| 20:21 | Build | Farm |
| 20:31 | Create | Villager (Male) |
| 20:34 | Create | Villager (Male) |
| 20:38 | Build | Farm |
| 20:40 | Build | Farm |
| 20:45 | Create | Villager (Male) |
| 20:45 | Create | Villager (Male) |
| 20:50 | Build | Farm |
| 20:55 | Build | Farm |
| 20:58 | Create | Monk |
| 21:04 | Create | Villager (Male) |
| 21:09 | Build | House |
| 21:10 | Create | Villager (Male) |
| 21:16 | Create | Villager (Male) |
| 21:19 | Build | Farm |
| 21:30 | Create | Villager (Male) |
| 21:40 | Build | Town Center |
| 21:42 | Create | Villager (Male) |
| 21:44 | Create | Villager (Male) |
| 21:53 | Build | Farm |
| 21:56 | Build | Farm |
| 21:57 | Create | Villager (Male) |
| 22:03 | Create | Villager (Male) |
| 22:06 | Create | Villager (Male) |
| 22:17 | Create | Villager (Male) |
| 22:22 | Research | Wheelbarrow |
| 22:22 | Create | Villager (Male) |
| 22:25 | Build | Farm |
| 22:30 | Create | Villager (Male) |
| 22:33 | Research | Heavy Plow |
| 22:45 | Create | Villager (Male) |
| 22:51 | Create | Villager (Male) |
Build order — Drachken
First 150 of 604 actions detected
| 0:00 | Create | Villager (Male) |
| 0:01 | Create | Villager (Male) |
| 0:01 | Create | Villager (Male) |
| 0:01 | Create | Villager (Male) |
| 0:01 | Create | Villager (Male) |
| 0:02 | Build | House |
| 0:04 | Build | House |
| 1:48 | Build | Lumber Camp |
| 1:49 | Create | Villager (Male) |
| 1:53 | Create | Villager (Male) |
| 2:22 | Create | Villager (Male) |
| 2:22 | Create | Villager (Male) |
| 2:48 | Create | Villager (Male) |
| 2:48 | Create | Villager (Male) |
| 3:28 | Create | Villager (Male) |
| 3:28 | Create | Villager (Male) |
| 3:29 | Create | Villager (Male) |
| 3:29 | Create | Villager (Male) |
| 4:00 | Build | House |
| 4:02 | Build | House |
| 4:12 | Create | Villager (Male) |
| 4:12 | Create | Villager (Male) |
| 4:13 | Create | Villager (Male) |
| 5:32 | Create | Villager (Male) |
| 6:00 | Create | Villager (Male) |
| 6:04 | Build | Mill |
| 6:43 | Create | Villager (Male) |
| 6:44 | Create | Villager (Male) |
| 7:01 | Build | Farm |
| 7:03 | Build | Farm |
| 7:13 | Build | Farm |
| 7:15 | Build | Farm |
| 7:18 | Create | Villager (Male) |
| 7:19 | Create | Villager (Male) |
| 7:20 | Research | Loom |
| 7:54 | Build | Mining Camp |
| 8:05 | Build | House |
| 8:06 | Build | House |
| 8:27 | Research | Feudal Age |
| 8:45 | Create | Villager (Male) |
| 8:45 | Create | Villager (Male) |
| 8:45 | Create | Villager (Male) |
| 10:02 | Create | Villager (Male) |
| 10:40 | Age | Feudal Age |
| 10:49 | Build | Market |
| 10:53 | Build | Blacksmith |
| 11:45 | Research | Castle Age |
| 12:33 | Build | Farm |
| 12:35 | Build | Farm |
| 12:42 | Build | Farm |
| 12:43 | Research | Double-Bit Axe |
| 12:44 | Research | Horse Collar |
| 13:59 | Research | Loom |
| 14:00 | Create | Villager (Male) |
| 14:00 | Create | Villager (Male) |
| 14:35 | Age | Castle Age |
| 14:36 | Build | Town Center |
| 14:40 | Build | Town Center |
| 15:02 | Build | Farm |
| 15:04 | Build | Farm |
| 15:07 | Create | Villager (Male) |
| 15:07 | Create | Villager (Male) |
| 15:12 | Research | Scale Barding Armor |
| 15:23 | Research | Bow Saw |
| 15:56 | Research | Heavy Plow |
| 16:04 | Create | Villager (Male) |
| 16:23 | Create | Villager (Male) |
| 16:25 | Build | Farm |
| 16:29 | Create | Villager (Male) |
| 16:35 | Build | Farm |
| 16:47 | Build | Farm |
| 16:53 | Create | Villager (Male) |
| 16:53 | Create | Villager (Male) |
| 17:04 | Build | Farm |
| 17:06 | Create | Villager (Male) |
| 17:11 | Build | Farm |
| 17:16 | Build | Farm |
| 17:24 | Create | Villager (Male) |
| 17:24 | Create | Villager (Male) |
| 17:34 | Build | Farm |
| 17:34 | Create | Villager (Male) |
| 17:37 | Build | Farm |
| 17:40 | Build | Farm |
| 17:41 | Create | Villager (Male) |
| 17:41 | Create | Villager (Male) |
| 17:53 | Build | Farm |
| 17:57 | Build | Farm |
| 17:58 | Create | Villager (Male) |
| 18:05 | Create | Villager (Male) |
| 18:10 | Build | Farm |
| 18:18 | Create | Villager (Male) |
| 18:25 | Create | Villager (Male) |
| 18:34 | Create | Villager (Male) |
| 18:41 | Build | Farm |
| 18:43 | Create | Villager (Male) |
| 18:43 | Create | Villager (Male) |
| 18:50 | Build | House |
| 18:52 | Build | House |
| 18:53 | Build | House |
| 18:55 | Create | Villager (Male) |
| 19:11 | Build | Farm |
| 19:12 | Research | Wheelbarrow |
| 19:16 | Build | Farm |
| 19:24 | Build | Farm |
| 19:32 | Build | Farm |
| 19:46 | Create | Villager (Male) |
| 19:46 | Create | Villager (Male) |
| 19:47 | Create | Villager (Male) |
| 19:47 | Create | Villager (Male) |
| 19:47 | Create | Villager (Male) |
| 19:51 | Build | House |
| 19:51 | Build | House |
| 20:01 | Build | Farm |
| 20:09 | Create | Villager (Male) |
| 20:13 | Build | Farm |
| 20:25 | Create | Villager (Male) |
| 20:32 | Create | Villager (Male) |
| 20:33 | Create | Villager (Male) |
| 20:37 | Build | Farm |
| 20:43 | Build | Farm |
| 20:46 | Build | Farm |
| 20:49 | Create | Villager (Male) |
| 20:55 | Build | Farm |
| 20:58 | Create | Villager (Male) |
| 21:05 | Create | Villager (Male) |
| 21:06 | Create | Villager (Male) |
| 21:12 | Build | Farm |
| 21:19 | Build | Farm |
| 21:20 | Create | Villager (Male) |
| 21:25 | Build | House |
| 21:31 | Create | Villager (Male) |
| 21:31 | Create | Villager (Male) |
| 21:56 | Build | Castle |
| 21:57 | Create | Villager (Male) |
| 21:57 | Create | Villager (Male) |
| 21:58 | Create | Villager (Male) |
| 22:06 | Build | House |
| 22:08 | Build | House |
| 22:09 | Build | House |
| 22:10 | Build | House |
| 22:13 | Create | Villager (Male) |
| 22:13 | Create | Villager (Male) |
| 22:30 | Research | Gold Mining |
| 22:34 | Create | Villager (Male) |
| 22:35 | Create | Villager (Male) |
| 22:42 | Research | Stone Mining |
| 22:44 | Create | Villager (Male) |
| 22:45 | Create | Villager (Male) |
| 22:52 | Build | Farm |
| 22:57 | Build | Farm |
Build order — YuF
First 150 of 374 actions detected
| 0:02 | Create | Villager (Male) ×4 |
| 0:02 | Create | Villager (Male) ×4 |
| 0:03 | Build | House |
| 0:04 | Build | House |
| 1:26 | Create | Villager (Male) |
| 1:52 | Create | Villager (Male) |
| 2:06 | Create | Villager (Male) |
| 2:28 | Create | Villager (Male) |
| 2:47 | Create | Villager (Male) |
| 3:03 | Create | Villager (Male) |
| 3:09 | Build | House |
| 3:49 | Create | Villager (Male) |
| 3:51 | Build | House |
| 4:16 | Build | Lumber Camp |
| 4:21 | Create | Villager (Male) |
| 4:35 | Create | Villager (Male) |
| 4:36 | Create | Villager (Male) |
| 4:36 | Create | Villager (Male) |
| 4:36 | Create | Villager (Male) |
| 5:02 | Create | Villager (Male) |
| 5:23 | Create | Villager (Male) |
| 5:53 | Create | Villager (Male) |
| 6:25 | Build | Mining Camp |
| 6:27 | Create | Villager (Male) |
| 7:24 | Create | Villager (Male) |
| 7:26 | Build | House |
| 7:44 | Create | Villager (Male) |
| 7:46 | Build | Mill |
| 9:15 | Research | Feudal Age |
| 9:36 | Build | House |
| 10:28 | Research | Loom |
| 11:25 | Age | Feudal Age |
| 11:32 | Build | Watch Tower |
| 11:38 | Build | Blacksmith |
| 12:11 | Build | Stone Wall |
| 12:18 | Create | Villager (Male) |
| 12:50 | Create | Villager (Male) |
| 13:26 | Create | Villager (Male) |
| 13:27 | Create | Villager (Male) |
| 13:49 | Create | Villager (Male) |
| 13:50 | Research | Wheelbarrow |
| 13:52 | Build | House |
| 14:08 | Create | Villager (Male) |
| 14:19 | Research | Double-Bit Axe |
| 14:42 | Build | Market |
| 14:57 | Research | Horse Collar |
| 15:12 | Build | Farm |
| 15:13 | Build | Farm |
| 15:14 | Build | Farm |
| 15:31 | Build | Farm |
| 15:35 | Build | Farm |
| 15:37 | Create | Villager (Male) |
| 15:50 | Build | Farm |
| 15:52 | Build | Farm |
| 15:53 | Build | Farm |
| 16:10 | Build | Mining Camp |
| 16:12 | Create | Villager (Male) |
| 16:38 | Create | Villager (Male) |
| 17:26 | Build | Farm |
| 17:28 | Build | Farm |
| 17:30 | Create | Villager (Male) |
| 17:58 | Create | Villager (Male) |
| 18:07 | Build | Farm |
| 18:11 | Build | Farm |
| 18:30 | Create | Villager (Male) |
| 18:36 | Build | Farm |
| 18:45 | Create | Villager (Male) |
| 19:00 | Build | Farm |
| 19:05 | Research | Castle Age |
| 19:18 | Research | Gold Mining |
| 19:31 | Build | Farm |
| 19:37 | Build | Farm |
| 19:43 | Build | Farm |
| 20:25 | Research | Stone Mining |
| 21:49 | Age | Castle Age |
| 21:50 | Research | Heavy Plow |
| 21:58 | Build | Castle |
| 22:03 | Research | Bow Saw |
| 22:07 | Research | Hand Cart |
| 22:28 | Research | Fletching |
| 22:38 | Build | House |
| 22:39 | Build | House |
| 22:44 | Create | Villager (Male) |
| 22:44 | Create | Villager (Male) |
| 22:59 | Research | Bodkin Arrow |
| 23:11 | Create | Genoese Crossbowman |
| 23:32 | Create | Genoese Crossbowman |
| 23:35 | Create | Villager (Male) |
| 23:42 | Research | Padded Archer Armor |
| 24:02 | Create | Villager (Male) |
| 24:10 | Create | Genoese Crossbowman |
| 24:33 | Build | Lumber Camp |
| 24:38 | Create | Villager (Male) |
| 24:40 | Create | Genoese Crossbowman |
| 24:43 | Research | Leather Archer Armor |
| 24:48 | Create | Villager (Male) |
| 24:56 | Create | Genoese Crossbowman |
| 25:10 | Create | Genoese Crossbowman |
| 25:11 | Create | Villager (Male) |
| 25:39 | Create | Villager (Male) |
| 25:57 | Create | Genoese Crossbowman |
| 26:26 | Create | Villager (Male) |
| 26:37 | Build | University |
| 26:42 | Research | Town Watch |
| 26:42 | Create | Villager (Male) |
| 26:55 | Build | Mining Camp |
| 26:57 | Create | Villager (Male) |
| 27:10 | Create | Genoese Crossbowman |
| 27:25 | Research | Imperial Age |
| 27:51 | Research | Masonry |
| 27:53 | Create | Genoese Crossbowman |
| 28:01 | Build | Farm |
| 28:38 | Create | Genoese Crossbowman |
| 28:54 | Create | Genoese Crossbowman |
| 29:47 | Create | Genoese Crossbowman |
| 30:00 | Build | Siege Workshop |
| 30:05 | Create | Genoese Crossbowman |
| 30:30 | Build | Castle |
| 30:36 | Age | Imperial Age |
| 30:40 | Research | Chemistry |
| 30:42 | Research | Bracer |
| 30:45 | Research | Conscription |
| 31:40 | Build | Town Center |
| 31:51 | Build | Lumber Camp |
| 31:55 | Build | Siege Workshop |
| 32:04 | Create | Villager (Male) |
| 32:09 | Research | Two-Man Saw |
| 32:15 | Create | Villager (Male) |
| 32:15 | Create | Villager (Male) |
| 32:20 | Create | Villager (Male) |
| 32:23 | Create | Bombard Cannon |
| 32:39 | Build | House |
| 32:50 | Research | Conscription |
| 33:12 | Create | Bombard Cannon |
| 33:19 | Create | Villager (Male) |
| 33:33 | Create | Villager (Male) |
| 33:34 | Create | Villager (Male) |
| 33:35 | Create | Villager (Male) |
| 33:46 | Build | House |
| 34:06 | Create | Genoese Crossbowman |
| 34:16 | Create | Villager (Male) |
| 34:22 | Research | Silk Road |
| 34:28 | Build | Barracks |
| 34:31 | Build | House |
| 34:33 | Create | Villager (Male) |
| 35:04 | Research | Ballistics |
| 35:11 | Create | Genoese Crossbowman |
| 35:26 | Create | Genoese Crossbowman |
| 35:38 | Build | Archery Range |
| 36:12 | Create | Bombard Cannon |
Build order — Phoenix Oath
First 150 of 343 actions detected
| 0:01 | Create | Villager (Male) ×4 |
| 0:02 | Build | House |
| 0:04 | Build | House |
| 1:38 | Create | Villager (Male) |
| 1:38 | Create | Villager (Male) |
| 1:46 | Build | Lumber Camp |
| 2:05 | Create | Villager (Male) |
| 2:17 | Create | Villager (Male) |
| 2:18 | Create | Villager (Male) |
| 2:48 | Create | Villager (Male) |
| 3:03 | Create | Villager (Male) |
| 3:42 | Create | Villager (Male) |
| 3:42 | Create | Villager (Male) |
| 3:50 | Build | House |
| 4:04 | Create | Villager (Male) |
| 4:10 | Build | Mill |
| 4:16 | Create | Villager (Male) |
| 4:17 | Create | Villager (Male) |
| 4:40 | Create | Villager (Male) |
| 4:40 | Create | Villager (Male) |
| 5:29 | Build | House |
| 5:53 | Create | Villager (Male) |
| 5:53 | Create | Villager (Male) |
| 6:25 | Research | Loom |
| 6:42 | Research | Feudal Age |
| 6:59 | Build | Mining Camp |
| 8:31 | Create | Villager (Male) |
| 8:31 | Create | Villager (Male) |
| 9:00 | Age | Feudal Age |
| 9:07 | Build | Watch Tower |
| 9:10 | Create | Villager (Male) |
| 9:12 | Research | Double-Bit Axe |
| 9:47 | Build | Blacksmith |
| 9:56 | Create | Villager (Male) |
| 10:27 | Create | Villager (Male) |
| 10:27 | Create | Villager (Male) |
| 10:32 | Research | Fletching |
| 10:53 | Create | Villager (Male) |
| 11:16 | Build | House |
| 11:36 | Build | House |
| 11:55 | Create | Villager (Male) |
| 11:56 | Build | Farm |
| 12:26 | Build | Farm |
| 12:33 | Create | Villager (Male) |
| 12:34 | Create | Villager (Male) |
| 13:14 | Build | Farm |
| 13:28 | Create | Villager (Male) |
| 13:28 | Create | Villager (Male) |
| 13:45 | Build | Farm |
| 14:03 | Build | Watch Tower |
| 14:06 | Create | Villager (Male) |
| 14:31 | Build | House |
| 14:32 | Build | House |
| 14:44 | Create | Villager (Male) |
| 14:44 | Create | Villager (Male) |
| 14:48 | Build | Farm |
| 15:24 | Create | Villager (Male) |
| 15:25 | Create | Villager (Male) |
| 15:38 | Create | Villager (Male) |
| 15:38 | Create | Villager (Male) |
| 16:05 | Create | Villager (Male) |
| 16:09 | Build | Farm |
| 16:09 | Build | Farm |
| 16:09 | Build | Farm |
| 16:34 | Build | Farm |
| 16:41 | Build | Farm |
| 16:42 | Build | Farm |
| 16:42 | Build | Farm |
| 16:42 | Build | Farm |
| 17:20 | Create | Villager (Male) |
| 17:21 | Create | Villager (Male) |
| 17:46 | Create | Villager (Male) |
| 18:04 | Build | Mining Camp |
| 18:09 | Create | Villager (Male) |
| 18:29 | Build | Farm |
| 18:35 | Build | Market |
| 19:05 | Create | Villager (Male) |
| 19:28 | Build | Watch Tower |
| 19:42 | Build | Watch Tower |
| 19:47 | Research | Castle Age |
| 20:11 | Create | Villager (Male) |
| 20:34 | Research | Horse Collar |
| 20:39 | Research | Gold Mining |
| 20:48 | Build | House |
| 20:48 | Build | House |
| 20:48 | Build | House |
| 22:05 | Create | Villager (Male) |
| 22:15 | Build | Barracks |
| 22:27 | Age | Castle Age |
| 22:30 | Research | Bodkin Arrow |
| 22:33 | Build | University |
| 22:35 | Research | Bow Saw |
| 22:50 | Build | Siege Workshop |
| 22:56 | Build | Siege Workshop |
| 22:57 | Create | Villager (Male) |
| 23:37 | Create | Villager (Male) |
| 23:40 | Research | Guard Tower (upgrade) |
| 23:44 | Create | Mangonel |
| 23:50 | Build | Archery Range |
| 23:52 | Create | Villager (Male) |
| 24:02 | Build | Mining Camp |
| 24:25 | Create | Villager (Male) |
| 24:43 | Create | Villager (Male) |
| 24:43 | Create | Villager (Male) |
| 24:46 | Create | Battering Ram |
| 24:48 | Research | Crossbowman (upgrade) |
| 25:22 | Create | Villager (Male) |
| 25:29 | Create | Archer |
| 25:58 | Create | Villager (Male) |
| 25:58 | Create | Villager (Male) |
| 25:59 | Create | Archer |
| 26:17 | Create | Villager (Male) |
| 26:33 | Create | Villager (Male) |
| 26:33 | Create | Villager (Male) |
| 26:33 | Create | Archer |
| 26:34 | Create | Archer |
| 26:36 | Create | Battering Ram |
| 26:42 | Research | Ballistics |
| 26:45 | Build | House |
| 26:46 | Build | House |
| 27:13 | Create | Archer |
| 27:14 | Create | Archer |
| 27:42 | Create | Villager (Male) |
| 27:44 | Create | Archer |
| 27:44 | Create | Archer |
| 28:02 | Create | Villager (Male) |
| 28:03 | Create | Archer |
| 28:03 | Create | Archer |
| 28:23 | Create | Archer |
| 28:23 | Create | Archer |
| 28:26 | Build | Farm |
| 28:27 | Research | Gold Shaft Mining |
| 28:35 | Create | Battering Ram |
| 29:08 | Research | Imperial Age |
| 29:19 | Build | Archery Range |
| 29:21 | Build | Archery Range |
| 30:12 | Create | Archer |
| 30:13 | Create | Archer |
| 30:14 | Create | Archer |
| 30:36 | Create | Archer |
| 30:37 | Create | Archer |
| 30:58 | Create | Archer |
| 30:58 | Create | Archer |
| 30:59 | Create | Villager (Male) |
| 30:59 | Create | Villager (Male) |
| 31:19 | Create | Archer |
| 31:19 | Create | Archer |
| 31:45 | Create | Archer |
| 31:45 | Create | Archer |
| 31:46 | Create | Villager (Male) |
Build order — Fu Hua
First 150 of 452 actions detected
| 0:01 | Create | Villager (Male) |
| 0:01 | Create | Villager (Male) |
| 0:02 | Build | House |
| 0:03 | Build | House |
| 0:06 | Create | Villager (Male) |
| 0:07 | Create | Villager (Male) |
| 1:30 | Create | Villager (Male) |
| 1:48 | Build | Lumber Camp |
| 2:08 | Create | Villager (Male) |
| 2:30 | Create | Villager (Male) |
| 2:59 | Create | Villager (Male) |
| 3:16 | Create | Villager (Male) |
| 3:40 | Create | Villager (Male) |
| 3:56 | Create | Villager (Male) |
| 3:59 | Build | House |
| 4:14 | Create | Villager (Male) |
| 4:55 | Create | Villager (Male) |
| 5:07 | Build | House |
| 5:19 | Create | Villager (Male) |
| 5:34 | Create | Villager (Male) |
| 5:44 | Create | Villager (Male) |
| 6:12 | Create | Villager (Male) |
| 6:21 | Build | Mill |
| 6:27 | Research | Loom |
| 6:56 | Research | Feudal Age |
| 7:14 | Build | Mining Camp |
| 9:19 | Age | Feudal Age |
| 9:26 | Build | Watch Tower |
| 9:43 | Create | Villager (Male) |
| 9:50 | Create | Villager (Male) |
| 10:01 | Build | Blacksmith |
| 10:05 | Research | Double-Bit Axe |
| 10:08 | Create | Villager (Male) |
| 10:36 | Create | Villager (Male) |
| 10:47 | Build | House |
| 11:05 | Create | Villager (Male) |
| 11:12 | Build | House |
| 12:11 | Build | Watch Tower |
| 12:55 | Create | Villager (Male) |
| 12:55 | Create | Villager (Male) |
| 12:56 | Create | Villager (Male) |
| 12:56 | Create | Villager (Male) |
| 13:26 | Build | Palisade Wall |
| 13:29 | Build | Palisade Wall |
| 13:34 | Build | Palisade Wall |
| 13:38 | Build | Palisade Wall |
| 13:41 | Build | Palisade Wall |
| 13:44 | Build | Palisade Wall |
| 13:50 | Create | Villager (Male) |
| 13:55 | Create | Villager (Male) |
| 14:00 | Build | House |
| 14:11 | Build | Farm |
| 14:36 | Build | Palisade Wall |
| 14:39 | Build | Palisade Wall |
| 14:43 | Build | Palisade Wall |
| 14:49 | Build | Palisade Wall |
| 14:59 | Build | Farm |
| 15:09 | Build | Farm |
| 15:16 | Build | Farm |
| 15:21 | Build | Market |
| 15:23 | Create | Villager (Male) |
| 15:31 | Build | Farm |
| 15:51 | Build | Farm |
| 16:00 | Create | Villager (Male) |
| 16:00 | Create | Villager (Male) |
| 16:13 | Build | Farm |
| 16:25 | Build | Farm |
| 16:40 | Create | Villager (Male) |
| 16:45 | Build | Farm |
| 16:51 | Create | Villager (Male) |
| 17:09 | Build | Farm |
| 17:13 | Build | Farm |
| 17:35 | Create | Villager (Male) |
| 17:43 | Build | Farm |
| 18:10 | Research | Castle Age |
| 18:24 | Create | Villager (Male) |
| 18:27 | Research | Horse Collar |
| 18:28 | Create | Villager (Male) |
| 19:21 | Build | Mining Camp |
| 19:29 | Research | Town Watch |
| 19:32 | Create | Villager (Male) |
| 20:50 | Age | Castle Age |
| 20:59 | Build | Castle |
| 21:02 | Create | Villager (Male) |
| 21:38 | Build | House |
| 21:40 | Build | House |
| 21:52 | Create | Villager (Male) |
| 21:55 | Research | Fletching |
| 21:59 | Create | Villager (Male) |
| 22:01 | Research | Bow Saw |
| 22:26 | Build | Mining Camp |
| 22:35 | Create | War Wagon |
| 22:41 | Create | Villager (Male) |
| 22:41 | Create | Villager (Male) |
| 22:52 | Build | Farm |
| 22:52 | Build | Farm |
| 22:53 | Build | Farm |
| 23:34 | Create | Villager (Male) |
| 23:54 | Create | War Wagon |
| 24:32 | Create | Villager (Male) |
| 24:50 | Create | Villager (Male) |
| 25:40 | Research | Imperial Age |
| 26:03 | Research | Stone Mining |
| 26:39 | Create | Villager (Male) |
| 26:39 | Create | Villager (Male) |
| 27:09 | Build | University |
| 28:02 | Build | Castle |
| 28:50 | Age | Imperial Age |
| 28:50 | Create | Trebuchet (Packed) |
| 29:13 | Create | Trebuchet (Packed) |
| 29:16 | Create | Villager (Male) |
| 29:20 | Research | Bodkin Arrow |
| 29:22 | Create | Villager (Male) |
| 29:30 | Research | Chemistry |
| 29:32 | Create | Villager (Male) |
| 29:35 | Build | Farm |
| 29:45 | Research | Bodkin Arrow |
| 30:00 | Create | Trebuchet (Packed) |
| 30:11 | Create | War Wagon |
| 30:32 | Build | Mining Camp |
| 31:07 | Create | Villager (Male) |
| 31:08 | Create | Villager (Male) |
| 31:15 | Build | Outpost |
| 31:31 | Create | Villager (Male) |
| 32:03 | Create | War Wagon |
| 32:03 | Create | War Wagon |
| 32:04 | Create | Villager (Male) |
| 32:16 | Create | Villager (Male) |
| 32:16 | Build | Farm |
| 32:59 | Build | Siege Workshop |
| 33:18 | Create | Villager (Male) |
| 33:22 | Build | House |
| 33:24 | Create | Villager (Male) |
| 33:42 | Build | House |
| 33:44 | Build | House |
| 33:46 | Build | House |
| 33:48 | Create | Villager (Male) |
| 33:58 | Create | Bombard Cannon |
| 34:23 | Build | House |
| 34:29 | Create | Trebuchet (Packed) |
| 34:29 | Create | Trebuchet (Packed) |
| 34:39 | Create | Trebuchet (Packed) |
| 34:41 | Build | House |
| 35:05 | Build | House |
| 35:06 | Create | Villager (Male) |
| 35:09 | Research | Masonry |
| 35:10 | Create | Villager (Male) |
| 35:47 | Create | Villager (Male) |
| 35:50 | Create | War Wagon |
| 36:05 | Create | Bombard Cannon |
Build order — Abnerck
First 150 of 643 actions detected
| 0:02 | Create | Villager (Male) |
| 0:02 | Create | Villager (Male) |
| 0:02 | Create | Villager (Male) |
| 0:03 | Create | Villager (Male) |
| 0:03 | Create | Villager (Male) |
| 0:04 | Build | House |
| 0:06 | Build | House |
| 1:26 | Create | Villager (Male) |
| 1:57 | Build | Lumber Camp |
| 2:09 | Create | Villager (Male) |
| 2:28 | Create | Villager (Male) |
| 2:53 | Create | Villager (Male) |
| 3:24 | Create | Villager (Male) |
| 3:30 | Build | House |
| 3:48 | Create | Villager (Male) |
| 3:48 | Create | Villager (Male) |
| 4:02 | Build | House |
| 4:10 | Create | Villager (Male) |
| 4:33 | Build | Mill |
| 4:37 | Build | Mill |
| 4:57 | Create | Villager (Male) |
| 5:18 | Create | Villager (Male) |
| 5:41 | Create | Villager (Male) |
| 5:46 | Create | Villager (Male) |
| 5:54 | Create | Villager (Male) |
| 6:10 | Create | Villager (Male) |
| 6:36 | Create | Villager (Male) |
| 6:41 | Create | Villager (Male) |
| 6:46 | Build | Farm |
| 7:05 | Research | Loom |
| 7:11 | Research | Loom |
| 7:15 | Build | Farm |
| 7:39 | Research | Feudal Age |
| 7:54 | Build | Farm |
| 7:56 | Build | Farm |
| 8:02 | Build | House |
| 9:42 | Create | Villager (Male) |
| 9:46 | Create | Villager (Male) |
| 9:49 | Age | Feudal Age |
| 9:54 | Build | Watch Tower |
| 9:56 | Create | Villager (Male) |
| 9:57 | Build | Blacksmith |
| 10:00 | Create | Villager (Male) |
| 10:07 | Build | Palisade Gate |
| 10:29 | Build | Gate |
| 10:42 | Create | Villager (Male) |
| 10:43 | Create | Villager (Male) |
| 10:44 | Create | Villager (Male) |
| 10:44 | Create | Villager (Male) |
| 10:44 | Create | Villager (Male) |
| 10:47 | Build | Mining Camp |
| 10:54 | Build | House |
| 10:56 | Create | Villager (Male) |
| 10:56 | Create | Villager (Male) |
| 10:56 | Create | Villager (Male) |
| 11:09 | Create | Villager (Male) |
| 11:09 | Create | Villager (Male) |
| 11:21 | Research | Fletching |
| 11:22 | Research | Fletching |
| 11:23 | Create | Villager (Male) |
| 11:26 | Create | Villager (Male) |
| 11:34 | Build | House |
| 11:43 | Create | Villager (Male) |
| 11:55 | Build | House |
| 12:02 | Create | Villager (Male) |
| 12:04 | Create | Villager (Male) |
| 12:04 | Create | Villager (Male) |
| 12:05 | Create | Villager (Male) |
| 12:05 | Create | Villager (Male) |
| 12:10 | Build | Archery Range |
| 12:11 | Create | Villager (Male) |
| 12:11 | Create | Villager (Male) |
| 12:15 | Build | House |
| 12:22 | Research | Double-Bit Axe |
| 12:22 | Research | Double-Bit Axe |
| 12:23 | Research | Horse Collar |
| 12:23 | Research | Horse Collar |
| 12:24 | Create | Villager (Male) |
| 12:27 | Create | Villager (Male) |
| 12:36 | Create | Villager (Male) |
| 12:41 | Create | Villager (Male) |
| 12:48 | Create | Villager (Male) |
| 12:56 | Build | House |
| 13:10 | Build | Mining Camp |
| 13:29 | Create | Villager (Male) |
| 13:31 | Create | Skirmisher |
| 13:31 | Create | Skirmisher |
| 13:34 | Create | Villager (Male) |
| 14:15 | Build | Stone Wall |
| 14:35 | Create | Villager (Male) |
| 14:35 | Create | Villager (Male) |
| 14:51 | Build | Watch Tower |
| 15:53 | Create | Villager (Male) |
| 16:19 | Create | Villager (Male) |
| 16:22 | Create | Villager (Male) |
| 16:31 | Create | Skirmisher |
| 17:19 | Create | Skirmisher |
| 17:26 | Build | Watch Tower |
| 17:27 | Create | Villager (Male) |
| 17:27 | Create | Villager (Male) |
| 17:28 | Create | Villager (Male) |
| 17:41 | Create | Archer |
| 17:46 | Build | Lumber Camp |
| 18:05 | Create | Archer |
| 18:11 | Create | Archer |
| 18:23 | Create | Villager (Male) |
| 18:44 | Create | Villager (Male) |
| 18:46 | Build | Farm |
| 18:50 | Build | Farm |
| 18:54 | Build | Farm |
| 18:55 | Build | Farm |
| 19:04 | Build | Stone Wall |
| 19:05 | Build | Stone Wall |
| 19:18 | Build | Market |
| 19:20 | Build | Stone Wall |
| 19:36 | Build | Watch Tower |
| 20:13 | Build | Stone Wall |
| 20:20 | Create | Archer |
| 20:31 | Create | Villager (Male) |
| 20:32 | Create | Archer |
| 20:34 | Create | Archer |
| 20:43 | Build | Farm |
| 20:45 | Create | Archer |
| 20:45 | Create | Archer |
| 21:11 | Create | Archer |
| 21:13 | Create | Villager (Male) |
| 21:15 | Build | Archery Range |
| 21:20 | Build | Mining Camp |
| 21:27 | Create | Villager (Male) |
| 21:29 | Create | Villager (Male) |
| 21:29 | Create | Villager (Male) |
| 21:32 | Build | Farm |
| 21:33 | Build | Farm |
| 21:37 | Create | Villager (Male) |
| 21:47 | Build | Lumber Camp |
| 21:57 | Create | Archer |
| 22:07 | Build | Watch Tower |
| 22:08 | Create | Villager (Male) |
| 22:54 | Create | Villager (Male) |
| 22:55 | Build | Farm |
| 23:11 | Create | Archer |
| 23:11 | Create | Archer |
| 23:11 | Create | Archer |
| 23:14 | Create | Villager (Male) |
| 23:18 | Create | Villager (Male) |
| 23:23 | Create | Villager (Male) |
| 23:26 | Build | House |
| 23:27 | Create | Villager (Male) |
| 23:29 | Create | Villager (Male) |
| 23:29 | Create | Villager (Male) |
Match timeline
| 9:00 | Phoenix Oath · age_up feudal |
| 9:19 | Fu Hua · age_up feudal |
| 9:49 | Abnerck · age_up feudal |
| 10:32 | Insomniac987 · age_up feudal |
| 10:40 | Drachken · age_up feudal |
| 11:25 | YuF · age_up feudal |
| 12:10 | Abnerck · first_building Archery Range |
| 12:11 | YuF · wall_segment Stone Wall x1 |
| 12:16 | Insomniac987 · first_building Barracks |
| 13:26 | Fu Hua · wall_segment Palisade Wall x1 |
| 13:29 | Fu Hua · wall_segment Palisade Wall x1 |
| 13:34 | Fu Hua · wall_segment Palisade Wall x1 |
| 13:38 | Fu Hua · wall_segment Palisade Wall x1 |
| 13:41 | Fu Hua · wall_segment Palisade Wall x1 |
| 13:44 | Fu Hua · wall_segment Palisade Wall x1 |
| 14:15 | Abnerck · wall_segment Stone Wall x1 |
| 14:19 | Insomniac987 · first_market_buy 100 wood |
| 14:35 | Drachken · age_up castle |
| 14:36 | Fu Hua · wall_segment Palisade Wall x1 |
| 14:39 | Fu Hua · wall_segment Palisade Wall x1 |
| 14:43 | Fu Hua · wall_segment Palisade Wall x1 |
| 14:48 | Insomniac987 · age_up castle |
| 14:49 | Fu Hua · wall_segment Palisade Wall x1 |
| 16:55 | Fu Hua · first_market_sell 100 stone |
| 17:04 | Fu Hua · first_market_buy 100 food |
| 19:04 | Abnerck · wall_segment Stone Wall x2 |
| 19:05 | Abnerck · wall_segment Stone Wall x1 |
| 19:20 | Abnerck · wall_segment Stone Wall x1 |
| 19:45 | Phoenix Oath · first_market_sell 100 food |
| 20:03 | Insomniac987 · first_building Monastery |
| 20:13 | Abnerck · wall_segment Stone Wall x1 |
| 20:50 | Fu Hua · age_up castle |
| 20:59 | Fu Hua · first_building Castle |
| 21:49 | YuF · age_up castle |
| 21:56 | Drachken · first_building Castle |
| 21:58 | YuF · first_building Castle |
| 22:15 | Phoenix Oath · first_building Barracks |
| 22:27 | Phoenix Oath · age_up castle |
| 22:50 | Phoenix Oath · first_building Siege Workshop |
| 22:55 | Phoenix Oath · first_market_buy 100 wood |
| 23:50 | Phoenix Oath · first_building Archery Range |
| 24:41 | Abnerck · wall_segment Stone Wall x1 |
| 24:44 | Drachken · first_building Barracks |
| 24:51 | Abnerck · first_building Stable |
| 25:31 | Insomniac987 · first_building Castle |
| 25:55 | Insomniac987 · first_building Stable |
| 26:11 | Drachken · first_building Stable |
| 26:48 | YuF · first_market_sell 100 food |
| 27:06 | Drachken · age_up imperial |
| 28:09 | Insomniac987 · age_up imperial |
| 28:50 | Fu Hua · age_up imperial |
| 29:21 | Abnerck · age_up castle |
| 29:26 | Abnerck · first_building Siege Workshop |
| 29:33 | YuF · first_market_buy 100 wood |
| 30:00 | YuF · first_building Siege Workshop |
| 30:30 | Drachken · first_market_sell 500 food |
| 30:36 | YuF · age_up imperial |
| 32:18 | Phoenix Oath · age_up imperial |
| 32:19 | Insomniac987 · first_market_sell 100 food |
| 32:22 | Drachken · first_building Monastery |
| 32:59 | Fu Hua · first_building Siege Workshop |
| 33:14 | Abnerck · first_building Castle |
| 34:27 | Abnerck · wall_segment Stone Wall x2 |
| 34:28 | YuF · first_building Barracks |
| 35:38 | YuF · first_building Archery Range |
| 36:39 | Phoenix Oath · first_building Castle |
| 38:57 | Insomniac987 · first_building Archery Range |
| 41:25 | Phoenix Oath · first_building Monastery |
| 41:39 | Abnerck · age_up imperial |
| 42:02 | Abnerck · first_market_sell 500 wood |
| 42:07 | Fu Hua · first_building Barracks |
| 42:28 | Insomniac987 · tribute_sent a jugador 1 |
| 42:28 | Insomniac987 · tribute_sent a jugador 2 |
| 42:28 | Insomniac987 · tribute_sent a jugador 3 |
| 42:28 | Insomniac987 · tribute_sent a jugador 5 |
| 42:28 | Insomniac987 · tribute_sent a jugador 6 |
| 44:57 | Drachken · first_building Archery Range |
| 45:04 | Fu Hua · first_building Archery Range |
| 48:25 | Abnerck · first_building Monastery |
| 51:28 | Insomniac987 · tribute_sent a jugador 1 |
| 51:28 | Insomniac987 · tribute_sent a jugador 2 |
| 51:28 | Insomniac987 · tribute_sent a jugador 3 |
| 51:28 | Insomniac987 · tribute_sent a jugador 5 |
| 51:28 | Insomniac987 · tribute_sent a jugador 6 |
| 52:58 | Abnerck · resign |
| 54:25 | Fu Hua · first_building Stable |
[ AI ANALYSIS · 1 CREDIT ]
What really happened in this match?
Wolo.gg analyzes every decision: build order, eco, micro, common mistakes by bracket. Personalized analysis on WhatsApp or Discord in 30 seconds.
Civ guide
Berbers
Perfil
Jugador #547863